 Dungeon Crawl Stone Soup version 0.26-a0-597-gb535b0901c (webtiles) character file.

Game seed: 2100911088820154468

119 Lanoc the Chiller (level 4, -8/24 HPs)
             Began as a Deep Elf Ice Elementalist on Sept 9, 2020.
             Mangled by Menkaure (21 damage)
             ... on level 4 of the Dungeon.
             The game lasted 00:04:09 (2014 turns).

Lanoc the Chiller (Deep Elf Ice Elementalist)       Turns: 2014, Time: 00:04:09

Health: -8/24      AC:  2    Str:  5    XL:     4   Next: 73%
Magic:  8/10       EV: 14    Int: 21    God:
Gold:   68         SH:  0    Dex: 15    Spells: 5/9 levels left

rFire    . . .     SeeInvis .   o - +2 short sword (vamp)
rCold    . . .     Faith    .   (no shield)
rNeg     . . .     Spirit   .   a - +0 robe
rPois    .         Reflect  .   h - +0 hat
rElec    .         Harm     .   (no cloak)
rCorr    .                      (no gloves)
MR       .....                  (no boots)
Stlth    ++........             (no amulet)
HPRegen  0.08/turn              (no ring)
MPRegen  0.12/turn              (no ring)

@: frozen ramparts
A: no striking features
a: no special abilities


You were on level 4 of the Dungeon.
You visited 1 branch of the dungeon, and saw 4 of its levels.

You collected 68 gold pieces.

Inventory:

Hand Weapons
 o - a +2 vampiric short sword (weapon)
Armour
 a - a +0 robe (worn)
 h - a +0 hat (worn)
Wands
 j - a wand of acid (8)
Scrolls
 b - 3 scrolls of enchant armour {unknown}
 c - a scroll of blinking {unknown}
 d - 2 scrolls of fear {unknown}
 g - a scroll of identify {unknown}
 i - a scroll of remove curse {unknown}
 n - 2 scrolls of teleportation {unknown}
 q - a scroll of random uselessness {unknown}
Potions
 e - a potion of lignification {unknown}
 f - 2 potions of mutation {unknown}
 k - a potion of resistance {unknown}
 l - a potion of might {unknown}
 m - a potion of ambrosia {unknown}
 p - a potion of curing {unknown}


   Skills:
 + Level 3.9 Dodging
 - Level 2.4 Stealth
 - Level 3.0 Spellcasting
 * Level 6.1 Ice Magic


You had 5 spell levels left.
You knew the following spells:

 Your Spells              Type           Power        Failure   Level
a - Freeze                Ice            ####         1%          1
b - Frozen Ramparts       Ice            ####..       3%          3

Your spell library contained the following spells:

 Spells                   Type           Power        Failure   Level
 Ozocubu's Armour         Ice            ####....     3%          3
 Animate Skeleton         Necr           #.....       13%         1
 Apportation              Tloc           #.....       13%         1
 Corona                   Hex            #......      13%         1
 Summon Small Mammal      Summ           #...         13%         1
 Hailstorm                Conj/Ice       ###.....     36%         4
 Summon Ice Beast         Ice/Summ       ###.....     36%         4


Dungeon Overview and Level Annotations

Branches:
Dungeon (4/15)
 Temple: D:4-7

Altars:
Fedhas

Annotations:
D:4 Grinder, Menkaure


Message History

Menkaure points at you and mumbles some strange words.
You barely resist.
Menkaure resists.
The wall freezes Menkaure.
Menkaure resists.
The wall freezes Menkaure.
Menkaure resists.
The wall freezes Menkaure.
Menkaure closely misses you.
You hit Menkaure but do no damage.
Menkaure is severely damaged.
Menkaure resists.
The wall freezes Menkaure.
Menkaure calls on the powers of darkness!
Your body is wracked with pain!
You hit Menkaure.
Menkaure is severely damaged.
Menkaure resists.
The wall freezes Menkaure.
Menkaure grins.
Menkaure completely misses you.
You closely miss Menkaure.
Menkaure is almost destroyed.
Menkaure resists.
The wall freezes Menkaure.
Menkaure hits you!!
Ouch! That really hurt!
You die...

#.#...#.# ###
#...#...#
#..###...# #..
...# ####.. #..#
#..... #.. #.##.
######!##
#>..M@..#
#.####..# #
#.####..#.##.#.
........<.......
##..#.##.......$
.. ... #........
##. >........ ##
#........
......$..


You could see Menkaure.

Vanquished Creatures
  An orc wizard (D:3)
  A worker ant (D:4)
  3 adders (D:3)
  A dart slug (D:3)
  2 leopard geckos
  2 orcs (D:3)
  4 bats
  4 giant cockroaches
  6 goblins
  2 hobgoblins
  3 jackals (D:4)
  A ball python (D:1)
  5 rats
35 creatures vanquished.

Notes
Turn   | Place    | Note
-------+----------+-------------------------------------------
     0 | D:1      | Lanoc the Deep Elf Ice Elementalist began the quest for the
                  | Orb.
     0 | D:1      | Reached XP level 1. HP: 10/10 MP: 6/6
   362 | D:1      | Reached XP level 2. HP: 15/15 MP: 5/8
   607 | D:2      | You fall into a shaft and drop 2 floors!
   733 | D:3      | Reached skill level 5 in Ice Magic
   757 | D:3      | Reached XP level 3. HP: 19/19 MP: 6/9
   762 | D:3      | Learned a level 3 spell: Frozen Ramparts
  1288 | D:3      | Reached XP level 4. HP: 18/24 MP: 6/10
  1535 | D:3      | Found a blossoming altar of Fedhas.
  1637 | D:4      | Reached skill level 6 in Ice Magic
  1670 | D:4      | Noticed Grinder
  1673 | D:4      | Paralysed by Grinder for 3 turns
  1689 | D:4      | HP: 1/24 [Grinder/nerve-wracking pain (10)]
  2005 | D:4      | Noticed Menkaure
  2014 | D:4      | Mangled by Menkaure

Illustrated notes

Levels and vault maps discovered:
D:1:      erik_arrival_cave_to_civilisation [erik_arrival_cave_to_temple],
          layout_basic, grunt_decor_fettered
D:2:      layout_rooms, minmay_misc_feat_more_columns
D:3:      minmay_spotlight, layout_rooms, lemuel_statue_altar
D:4:      layout_loops_cross, minitemple, vehumet_altar_wand_db,
          nicolae_ashenzari_panopticon, nemelex_spade_bored_becter,
          uniq_natasha, uniq_menkaure, uniq_grinder

Skill      XL: |  1  2  3  4 |
---------------+-------------+-----
Dodging        | 3 |  3.9
Ice Magic      | 5 6 |  6.1
Stealth        | |  2.4
Spellcasting   | |  3.0

Action                   |  1- 3 |  4- 6 || total
-------------------------+-------+-------++-------
Melee: Unarmed           |     1 |       ||     1
       Rapier            |    11 |       ||    11
       Short sword       |       |     5 ||     5
 Cast: Freeze            |    39 |       ||    39
       Frozen Ramparts   |     2 |     3 ||     5
Armor: Robe              |     6 |     1 ||     7
Dodge: Dodged            |    30 |     5 ||    35

Table legend: (Time is in decaauts)
 A = Elapsed time spent in this place.
 B = Non-inter-level travel time spent in this place.
 C = Inter-level travel time spent in this place.
 D = Time resting spent in this place.
 E = Time spent auto-exploring this place.
 F = Levels seen in this place.
 G = Mean time per level.
                   A        B        C        D        E       F      G
               +--------+--------+--------+--------+--------+-----+--------+
         Total |   2016 |   1978 |     38 |    316 |   1393 |   4 |  504.0 |
       Dungeon |   2016 |   1978 |     38 |    316 |   1393 |   4 |  504.0 |
               +--------+--------+--------+--------+--------+-----+--------+

Top non-repeatable levels by time:
     D:3: 1328 daAuts
     D:1: 606 daAuts
     D:4: 81 daAuts
     D:2: 0 daAuts
